 Dungeon Crawl Stone Soup version 0.23.0 (webtiles) character file.

Game seed: 5816345824138096606

1401 grindst0ne the Skirmisher (level 8, 0/65 HPs)
             Began as a Mummy Fighter on Feb 10, 2019.
             Was an Initiate of Gozag.
             Slain by an orc warrior
             ... wielding a +0 scimitar
              (5 damage)
             ... on level 5 of the Dungeon.
             The game lasted 00:09:06 (6000 turns).

grindst0ne the Skirmisher (Mummy Fighter)           Turns: 6000, Time: 00:09:07

Health: 0/65       AC:  8    Str: 26    XL:     8   Next: 41%
Magic:  8/8        EV:  6    Int: 12    God:    Gozag
Gold:   380        SH: 10    Dex: 12    Spells: 7/7 levels left

rFire    . . .     SeeInvis .   a - +0 war axe
rCold    + + .     Gourm    .   c - +0 shield
rNeg     + + +     Faith    .   k - +0 chain mail
rPois    ∞         Spirit   .   (no helmet)
rElec    +         Reflect  .   (no cloak)
rCorr    +         Harm     .   (no gloves)
MR       +....                  (no boots)
Stlth    ..........             n - amulet of the acrobat
HPRegen  0.20/turn              l - +2 ring of intelligence
MPRegen  0.11/turn              q - +3 ring of intelligence

@: mighty, resistant, hasted, very quick
A: no food or potions, fire vulnerability, cold resistance 1, negative energy
resistance 3, torment resistance, unbreathing
a: Potion Petition, Call Merchant, Bribe Branch, Renounce Religion


You were on level 5 of the Dungeon.
You worshipped Gozag.
Gozag was aware of your devotion.
You were not hungry.

You visited 2 branches of the dungeon, and saw 7 of its levels.

You collected 428 gold pieces.
You paid 48 gold pieces to Gozag.

Inventory:

Hand Weapons
 a - a +0 war axe (weapon)
Missiles
 b - a throwing net
 m - 2 tomahawks (quivered)
Armour
 c - a +0 shield (worn)
 k - a +0 chain mail (worn)
Jewellery
 h - an uncursed ring of fire
 l - a +2 ring of intelligence (left hand)
 n - an amulet of the acrobat (around neck)
 q - a +3 ring of intelligence (right hand)
Wands
 j - a wand of flame (33)
 p - a wand of digging (6)
 r - a wand of random effects (16)
Scrolls
 d - 6 scrolls of identify
 e - 3 scrolls of enchant weapon
 f - 8 scrolls of teleportation
 g - a scroll of fear
 i - a scroll of blinking
 o - 2 scrolls of remove curse


   Skills:
 + Level 6.7 Fighting
 + Level 5.2 Axes
 - Level 2.4 Armour
 + Level 5.5 Shields


You had 7 spell levels left.
You didn't know any spells.
Your spell library was empty.

Dungeon Overview and Level Annotations

Branches:
Dungeon (6/15)             Temple (1/1) D:4

Altars:
Ashenzari
Cheibriados
Dithmenos
Fedhas
Gozag
Hepliaklqana
Kikubaaqudgha
Makhleb
Nemelex Xobeh
Okawaru
Qazlal
Ru
Sif Muna
Trog
Uskayaw
Vehumet
Wu Jian
Yredelemnul
Zin
The Shining One

Annotations:
D:5 exclusion: downstairs


Innate Abilities, Weirdness & Mutations

You do not eat or drink.
Your flesh is vulnerable to fire.
You are immune to poison.
Your flesh is cold resistant. (rC+)
You are immune to negative energy. (rN+++)
You are immune to unholy pain and torment.
You can survive without breathing.


Message History

You feel yourself speed up. You block the orc warrior's attack.
You closely miss the orc warrior. You closely miss the orc warrior.
You block the orc warrior's attack.
You barely miss the orc warrior.
The orc warrior hits you with a +0 scimitar!
* * * LOW HITPOINT WARNING * * *
You slice the orc warrior!!
The orc warrior is almost dead.
You closely miss the orc warrior.
The orc warrior is almost dead.
The orc warrior hits you with a +0 scimitar!
* * * LOW HITPOINT WARNING * * *
You barely miss the orc warrior.
The orc warrior is almost dead.
The orc warrior barely misses you.
You barely miss the orc warrior.
The orc warrior is almost dead.
The orc warrior hits you with a +0 scimitar.
You die...
Your body crumbles into a pile of gold.

##.# #.# #...##.###..# ##.#
#.#####...##..##..# ##.#
#.#......####.##..# ##.#
#.#...............# ##.#
#.#.....######.#.###########
##.# #.#.###.# #.#...........#
.#'###.#.#...# #...#######.###
.......#.#.#########..#######.#
.......#.#......@o..........#.#
............#########>#####.#.#
............# ### #<#.#
............######## #.#.#
##'###.............##########.#
...................'..........#
...................############
.......#'#........!#
.......#.#.........#


You could see an orc warrior.

Vanquished Creatures
  Sigmund (D:3)
  An ice beast (D:5)
  A black bear (D:2)
  2 phantoms
  A centaur (D:6)
  A bullfrog (D:6)
  2 scorpions
  A howler monkey (D:5)
  A crimson imp (D:5)
  A bullfrog zombie (D:6)
  A bullfrog skeleton (D:5)
  2 jellies
  An orc priest (D:3)
  An orc wizard (D:5)
  An iguana (D:5)
  4 worker ants
  A killer bee zombie (D:5)
  A howler monkey zombie (D:5)
  7 gnolls
  8 adders
  A shadow imp (D:5)
  An ooze (D:3)
  3 worms
  2 dart slugs (D:3)
  7 leopard geckos
  9 orcs
  2 ball pythons
  A giant cockroach (D:3)
  5 goblins
  7 hobgoblins
  8 jackals
  8 kobolds
  3 quokkas
  A ball python zombie (D:5)
  5 bats
  3 frilled lizards
  3 rats
108 creatures vanquished.

Notes
Turn   | Place    | Note
-------+----------+-------------------------------------------
     0 | D:1      | grindst0ne the Mummy Fighter began the quest for the Orb.
     0 | D:1      | Reached XP level 1. HP: 18/18 MP: 1/1
   390 | D:2      | Reached XP level 2. HP: 20/24 MP: 2/2
   481 | D:2      | Reached XP level 3. HP: 29/29 MP: 3/3
   839 | D:2      | Noticed a black bear
   844 | D:2      | Killed a black bear
   844 | D:2      | Reached skill level 4 in Fighting
   844 | D:2      | Reached XP level 4. HP: 21/37 MP: 4/4
   844 | D:2      | Reached XP level 5. HP: 23/42 MP: 5/5
  1891 | D:3      | Found a hazy altar of Hepliaklqana.
  1924 | D:3      | Noticed Sigmund
  1970 | D:3      | Killed Sigmund
  1970 | D:3      | Reached XP level 6. HP: 30/50 MP: 6/6
  2166 | D:3      | Found a shadowy altar of Dithmenos.
  2333 | D:3      | Found a snail-covered altar of Cheibriados.
  2488 | D:4      | Found a radiant altar of Vehumet.
  2500 | D:3      | Reached skill level 5 in Fighting
  3345 | D:4      | Reached XP level 7. HP: 40/56 MP: 7/7
  3533 | D:4      | Found a staircase to the Ecumenical Temple.
  3563 | Temple   | Entered the Ecumenical Temple
  3720 | Temple   | Became a worshipper of Gozag Ym Sagoz the Greedy
  4103 | D:5      | Entered Level 5 of the Dungeon
  4562 | D:5      | Reached skill level 6 in Fighting
  4562 | D:5      | Reached skill level 5 in Shields
  4562 | D:5      | Reached XP level 8. HP: 28/64 MP: 8/8
  4787 | D:5      | Found a sacrificial altar of Ru.
  5533 | D:6      | Reached skill level 5 in Axes
  6000 | D:5      | Slain by an orc warrior

Skill      XL: |  1  2  3  4  5  6  7  8 |
---------------+-------------------------+-----
Axes           | 2 3 4 5 |  5.2
Shields        | 3 4 5 |  5.5
Fighting       | 4 5 6 |  6.7
Armour         | |  2.4

Action                   |  1- 3 |  4- 6 |  7- 9 || total
-------------------------+-------+-------+-------++-------
Melee: War axe           |    97 |   183 |   218 ||   498
Invok: Potion Petition   |       |       |     1 ||     1
Evoke: Wand              |       |     1 |       ||     1
  Use: Scroll            |     4 |       |     3 ||     7
Armor: Scale mail        |    79 |    58 |       ||   137
       Chain mail        |       |       |    93 ||    93
Dodge: Dodged            |    32 |    53 |    64 ||   149
Block: Shield            |    65 |    89 |    79 ||   233
